 Dungeon Crawl Stone Soup version 0.26.0-16-gc1dbca0489 (webtiles) character file.

Game seed: 8050563964072631058

1015 teolandon225 the Covert (level 8, -7/36 HPs)
             Began as a Spriggan Enchanter on Jan 18, 2021.
             Mangled by Prince Ribbit (16 damage)
             ... on level 5 of the Dungeon.
             The game lasted 00:14:31 (7265 turns).

teolandon225 the Covert (Spriggan Enchanter)        Turns: 7265, Time: 00:14:31

Health: -7/36      AC:  4    Str: 10    XL:     8   Next: 1%
Magic:  11/13      EV: 22    Int: 19    God:
Gold:   237        SH:  0    Dex: 16    Spells: 4/12 levels left

rFire    + . .     SeeInvis +   b - +3 dagger (venom)
rCold    . . .     Faith    .   (shield restricted)
rNeg     . . .     Spirit   .   i - +2 robe {rF+}
rPois    .         Reflect  .   (helmet restricted)
rElec    .         Harm     .   (no cloak)
rCorr    .         Rampage  .   (gloves unavailable)
Will     +....                  (boots unavailable)
Stlth    ++++......             (no amulet)
HPRegen  0.12/turn              m - +6 ring of strength
MPRegen  0.13/turn              g - ring of wizardry

@: very quick
A: very small, unfitting armour, see invisible, speed 3
a: no special abilities


You were on level 5 of the Dungeon.
You visited 2 branches of the dungeon, and saw 6 of its levels.

You collected 237 gold pieces.

Inventory:

Hand Weapons
 a - a +0 hunting sling
 b - a +3 dagger of venom (weapon)
 p - a +1 dagger
Armour
 h - a +1 robe
 i - a +2 robe of fire resistance (worn)
Jewellery
 g - a ring of wizardry (right hand)
 m - a +6 ring of strength (left hand)
 n - an uncursed ring of resist corrosion
 r - an uncursed ring of ice
Wands
 u - a wand of digging (5)
 y - a wand of flame (38)
Scrolls
 d - 7 scrolls of remove curse
 e - a scroll of teleportation
 f - a scroll of immolation
 k - a scroll of brand weapon {unknown}
 l - a scroll of fear
 t - a scroll of enchant armour
Potions
 c - 5 potions of curing
 j - a potion of mutation
 o - a potion of haste
 q - a potion of resistance {unknown}
 x - 2 potions of attraction {unknown}


   Skills:
 - Level 1.1 Short Blades
 + Level 6.5 Dodging
 * Level 10.1 Stealth
 - Level 2.6 Spellcasting
 * Level 7.9 Hexes


You had 4 spell levels left.
You knew the following spells:

 Your Spells              Type           Power        Failure   Level
e - Tukima's Dance        Hex            32%          1%          3
q - Ensorcelled Hibernat  Hex/Ice        34%          1%          2
w - Confusing Touch       Hex            32%          1%          3

Your spell library contained the following spells:

 Spells                   Type           Power        Failure   Level
 Corona                   Hex            35%          1%          1
 Dazzling Flash           Conj/Hex       34%          4%          3


Dungeon Overview and Level Annotations

Branches:
Dungeon (5/15)             Temple (1/1) D:5

Altars:
Ashenzari
Cheibriados
Gozag
Nemelex Xobeh
Ru
Trog
Uskayaw
Vehumet
Wu Jian
Yredelemnul
Zin
The Shining One
Lugonu

Annotations:
D:2 exclusion: downstairs
D:5 Prince Ribbit


Innate Abilities, Weirdness & Mutations

You are very small and have problems with some larger weapons.
You are too small for most types of armour.
You have supernaturally acute eyesight. (SInv)
You cover ground extremely quickly.


Message History

Found a stone staircase leading down.
d - 7 scrolls of remove curse (gained 1)
Found a stone staircase leading down.
Prince Ribbit comes into view.
Prince Ribbit is nearby!
Prince Ribbit gives a loud, deep croak!
Prince Ribbit hits you!
You hit Prince Ribbit.
Prince Ribbit is poisoned.
Prince Ribbit is lightly wounded.
Prince Ribbit hits you!
* * * LOW HITPOINT WARNING * * *
Prince Ribbit closely misses you.
Prince Ribbit is nearby!
Casting: Confusing Touch (safe; 1% risk of failure)
Confirm with . or Enter, or press ? or * to list all spells.
Aiming: Ensorcelled Hibernation (safe; 1% risk of failure)
Press: ? - help, Shift-Dir - straight line, f - Prince Ribbit
Aim: Prince Ribbit (lightly wounded, very poisoned, chance to affect: 30%) Prince Ribbit easily resists.
Prince Ribbit hits you!
You die...

##............###......(..##..###
.........#....# .............#..
........##....# ................
.#............# .............###
.#....###.....###..............##
##..### ###.......# ..........#
#..##♣ ♣##......#. #...##....#
...# #....F##.##...>.##..## #.##
##...@.#.............. ..#
#.............##.##.. ..##
##.#.#.........##.##.. ...#
#..##..............### .#.##♣
♣##.##.........##..##### ##..###
###..##........###....##.
##....###..........##.## ##...##.
#......................###.......
#....#..##.............##....###.


You could see Prince Ribbit (very poisoned).

Vanquished Creatures
  Menkaure (D:4)
  Edmund (D:4)
  Blork the orc (D:4)
  A scorpion (D:5)
  A howler monkey (D:5)
  2 hounds (D:4)
  3 orc priests
  Jessica (D:2)
  2 iguanas (D:4)
  Natasha (thrice) (D:2)
  3 orc wizards
  A worker ant (D:2)
  3 gnolls
  4 adders
  A shadow imp (D:5)
  A white imp (D:3)
  2 ufetubi (D:5)
  4 worms
  3 dart slugs
  2 leopard geckos
  15 orcs
  5 giant cockroaches
  8 goblins
  10 hobgoblins
  6 jackals
  14 kobolds
  2 quokkas (D:4)
  4 ball pythons
  8 bats
  4 frilled lizards
  2 quokka zombies
  5 rats
123 creatures vanquished.

Notes
Turn   | Place    | Note
-------+----------+-------------------------------------------
     0 | D:1      | teolandon225 the Spriggan Enchanter began the quest for the
                  | Orb.
     0 | D:1      | Reached XP level 1. HP: 9/9 MP: 5/5
   274 | D:1      | Reached XP level 2. HP: 13/13 MP: 3/6
   314 | D:1      | Learned a level 2 spell: Ensorcelled Hibernation
   409 | D:1      | Reached skill level 5 in Stealth
  1372 | D:1      | Reached XP level 3. HP: 16/16 MP: 0/8
  1948 | D:2      | Noticed Jessica
  2246 | D:2      | Noticed Natasha
  2420 | D:2      | Killed Natasha
  2453 | D:2      | Reached skill level 6 in Stealth
  2453 | D:2      | Reached XP level 4. HP: 21/21 MP: 4/9
  2759 | D:2      | Noticed Natasha
  2770 | D:2      | Killed Natasha
  2771 | D:2      | Reached skill level 5 in Hexes
  2891 | D:2      | Noticed Natasha
  2918 | D:2      | Killed Natasha
  2919 | D:2      | Reached XP level 5. HP: 24/24 MP: 7/10
  3036 | D:2      | Killed Jessica
  3395 | D:2      | Learned a level 3 spell: Confusing Touch
  3399 | D:2      | Learned a level 3 spell: Tukima's Dance
  3647 | D:2      | Reached skill level 7 in Stealth
  4118 | D:3      | Found a snail-covered altar of Cheibriados.
  4500 | D:3      | Reached XP level 6. HP: 27/28 MP: 4/11
  4757 | D:3      | Found a glowing silver altar of Zin.
  4757 | D:3      | Found a sparkling altar of Nemelex Xobeh.
  5238 | D:4      | Reached skill level 5 in Dodging
  5417 | D:4      | Reached skill level 8 in Stealth
  5460 | D:4      | Noticed Menkaure
  5466 | D:4      | Noticed Edmund
  5467 | D:4      | Killed Menkaure
  5488 | D:4      | Killed Edmund
  5489 | D:4      | Reached XP level 7. HP: 29/32 MP: 10/12
  5514 | D:4      | Reached skill level 9 in Stealth
  5731 | D:4      | Noticed Blork the orc
  6078 | D:4      | Found a radiant altar of Vehumet.
  6196 | D:4      | Killed Blork the orc
  6647 | D:5      | Entered Level 5 of the Dungeon
  6926 | D:5      | Found a bloodstained altar of Trog.
  6976 | D:5      | Reached skill level 10 in Stealth
  6996 | D:5      | Found a staircase to the Ecumenical Temple.
  7008 | D:5      | Reached XP level 8. HP: 35/36 MP: 4/13
  7114 | Temple   | Entered the Ecumenical Temple
  7255 | D:5      | Noticed Prince Ribbit
  7265 | D:5      | Mangled by Prince Ribbit

Illustrated notes

Levels and vault maps discovered:
D:1:      evilmike_arrival_crescent, layout_basic
D:2:      minmay_recursive_quarters, layout_basic, uniq_natasha, uniq_jessica
D:3:      layout_loops_cross, cheibriados_altar_1,
          gammafunk_temple_overflow_elements
D:4:      layout_rooms, vehumet_altar_wand_db, kennysheep_small_square,
          uniq_menkaure, uniq_edmund, uniq_blork_the_orc
D:5:      cheibrodos_iron_armory, layout_cave_pools, kennysheep_mini_moat,
          nicolae_overflow_crystal_walls, minmay_temple_entry_proselytizer,
          uniq_prince_ribbit1
Temple:   corrupted_temple

Skill      XL: |  1  2  3  4  5  6  7 |
---------------+----------------------+-----
Hexes          | 4 5 7 |  7.9
Stealth        | 5 6 7 8 10 | 10.1
Dodging        | 4 5 6 |  6.5
Short Blades   | |  1.1
Spellcasting   | |  2.6

Action                   |  1- 3 |  4- 6 |  7- 9 || total
-------------------------+-------+-------+-------++-------
Melee: Dagger            |    59 |   108 |    84 ||   251
 Cast: Corona            |     3 |       |       ||     3
       Ensorcelled Hiber |    36 |    70 |    39 ||   145
       Confusing Touch   |       |       |     1 ||     1
  Use: Scroll            |       |       |    12 ||    12
 Stab: Sleeping          |    30 |    44 |    22 ||    96
       Confused          |       |       |     1 ||     1
Armor: Robe              |     7 |    19 |     8 ||    34
Dodge: Dodged            |    51 |    88 |   100 ||   239
